 Dungeon Crawl Stone Soup version 0.16-a0-262-g6fc725f (webtiles) character file.

316 MRaven the Chopper (level 6, -4/56 HPs)
             Began as a Hill Orc Fighter on Aug 25, 2014.
             Killed from afar by Dowan (20 damage)
             ... with a shard of ice
             ... on Level 4 of the Dungeon.
             The game lasted 00:14:18 (2709 turns).

MRaven the Chopper (Hill Orc Fighter)               Turns: 2709, Time: 00:14:18

HP  -4/56        AC 11     Str 26      XL: 6   Next: 44%
MP   6/6         EV 11     Int  8      God:
Gold 148         SH 10     Dex 10      Spells:  0 memorised,  5 levels left

rFire  . . .     SeeInvis +     a - +0 war axe
rCold  . . .     Clarity  .     b - +1 scale mail
rNeg   . . .     rCorr    .     c - +0 shield
rPois  +         rRot     .     p - +2 hat {SInv}
rElec  .         Spirit   .     y - +0 cloak
SustAb .         Warding  .     (no gloves)
rMut   .         Stasis   .     (no boots)
Gourm  .                        (no amulet)
MR     .....                    k - ring of poison resistance
                                f - +4 ring of evasion

@: mighty, lethally poisoned, not resistant to hostile enchantments, extremely
unstealthy
A: no striking features
a: no special abilities


You were on level 4 of the Dungeon.
You were not hungry.

You visited 1 branch of the dungeon, and saw 4 of its levels.

You collected 148 gold pieces.

Inventory:

Hand weapons
 a - a +0 war axe (weapon)
Armour
 b - a +1 scale mail (worn)
 c - a +0 shield (worn)
 p - a +2 hat of see invisible (worn)
 y - a +0 cloak (worn)
Magical devices
 s - a wand of cold (5)
Comestibles
 d - 4 meat rations
 m - a chunk of adder flesh
 n - a royal jelly
 o - 2 bread rations
 x - a slice of pizza
Scrolls
 g - 2 scrolls of enchant armour
 l - a scroll of magic mapping
 u - 3 scrolls of amnesia {unknown}
 v - a scroll of identify
Jewellery
 f - a +4 ring of evasion (left hand)
 k - a ring of poison resistance (right hand)
 r - an uncursed ring of wizardry
 t - an uncursed ring of sustain abilities
Potions
 h - a potion of restore abilities
 i - 2 potions of brilliance {unknown}
 j - a potion of heal wounds {unknown}
 q - a potion of cancellation {unknown}


   Skills:
 + Level 5.0 Fighting
 * Level 6.0 Axes
 + Level 4.4 Armour
 + Level 4.3 Shields


You had 5 spell levels left.
You didn't know any spells.

Dungeon Overview and Level Annotations

Branches:
Dungeon (4/15)
 Temple: D:4-7

Altars:
Kikubaaqudgha

Annotations:
D:4 Dowan


Message History

The adder is heavily wounded.
You miss Dowan.
Dowan is moderately wounded.
You feel sick. Dowan hits you but does no damage. You block the adder's attack.
Dowan closely misses you.
Unknown command.
You hit Dowan.
Dowan is heavily wounded.
You slash the adder!
You kill the adder!
Your Axes skill increases to level 6!
You feel sick. You block Dowan's attack. Dowan gestures at you while chanting.
The shard of ice hits you!
* * * LOW HITPOINT WARNING * * *
Your scale mail prevents you from hitting Dowan.
Dowan is heavily wounded.
Dowan gestures at you while chanting. The shard of ice hits you!
You die...

####.##.# #....##.#
#.#..##.# ##....##.# ####
.....###.# ####.....
.###.# #.# #!....... .
#%###.#######........
.###.....#.......e[......
.....#####.#####@)......#
###..####...# #.)....###
#.......#.# ###......
#.#####...# .##### #.#
##### # #.# #.. ###


You could see Dowan.

Vanquished Creatures
  Duvessa (D:4)
  A hound (D:3)
  Crazy Yiuf (D:3)
  Terence (D:3)
  5 adders
  3 giant mites
  4 worms
  5 orcs (D:3)
  8 giant cockroaches
  9 goblins
  7 hobgoblins
  5 jackals
  2 quokkas
  A ball python (D:2)
  9 bats
  4 giant geckos
  3 giant newts
  5 kobolds
  10 rats
84 creatures vanquished.

Vanquished Creatures (others)
  A bat (D:1)
1 creature vanquished.

Grand Total: 85 creatures vanquished

Notes
Turn   | Place    | Note
--------------------------------------------------------------
     0 | D:1      | MRaven, the Hill Orc Fighter, began the quest for the Orb.
     0 | D:1      | Reached XP level 1. HP: 19/19 MP: 1/1
   192 | D:1      | Reached XP level 2. HP: 27/27 MP: 2/2
   668 | D:2      | Reached skill level 4 in Fighting
   668 | D:2      | Reached XP level 3. HP: 22/33 MP: 3/3
  1206 | D:2      | Reached XP level 4. HP: 40/40 MP: 4/4
  1937 | D:3      | Reached XP level 5. HP: 47/47 MP: 5/5
  1955 | D:3      | Found an ancient bone altar of Kikubaaqudgha.
  2085 | D:3      | Reached skill level 5 in Axes
  2359 | D:3      | Noticed Crazy Yiuf
  2364 | D:3      | Killed Crazy Yiuf
  2420 | D:3      | Noticed Terence
  2433 | D:3      | Killed Terence
  2658 | D:4      | Reached XP level 6. HP: 53/55 MP: 6/6
  2687 | D:4      | Noticed Duvessa
  2687 | D:4      | Noticed Dowan
  2700 | D:4      | Killed Duvessa
  2700 | D:4      | Reached skill level 5 in Fighting
  2708 | D:4      | Reached skill level 6 in Axes
  2709 | D:4      | Killed from afar by Dowan

Action                   |  1- 3 |  4- 6 || total
-------------------------+-------+-------++-------
Melee: War axe           |   105 |   184 ||   289
Evoke: Wand              |       |     1 ||     1
  Use: Scroll            |     4 |     4 ||     8
       Potion            |       |     1 ||     1
  Eat: Chunk             |     1 |     5 ||     6
